AoeStats
← oson0212

QS Arena

503369081Analyzed
1v1 RM · 1mo ago on Aug 31, 2026· 40m 12s· 2 players
Game mode
Random Map
Map size
Tiny (2 player)
Population
200
Speed
Normal
Resources
Standard
Victory
Conquest
Starting age
Dark Age
Ending age
Imperial Age
RankedLock teamsTeams togetherTeam positionsShared explorationLock speedFull tech treeHidden civsTurbo modeCheats
Victory
Defeat
🇭🇰 Goths · Hong Kong SAR China
873
+16
🇩🇪 Dravidians · Germany
874
-16
oson0212
3:36 Loom
8:54 Feudal Age
13:20 Castle Age
11:28 Double-Bit Axe
11:43 Horse Collar
14:11 Bow Saw
14:02 Heavy Plow
14:46 Stone Mining
16:19 Man-at-Arms
24:58 Gold Mining
25:13 Scale Mail Armor
25:23 Forging
26:01 Stone Shaft Mining
26:37 Wheelbarrow
29:26 Imperial Age
28:08 Hand Cart
28:35 Chain Mail Armor
31:20 Two-Man Saw
30:54 Crop Rotation
31:42 Iron Casting
31:36 Conscription
32:42 Chemistry
32:16 Anarchy
33:23 Blast Furnace
34:06 Perfusion
35:12 Ballistics
34:31 Elite Huskarl
36:34 Town Watch
38:52 Long Swordsman
39:33 Squires
kabotajoe
9:12 Feudal Age
9:47 Horse Collar
14:02 Castle Age
12:09 Double-Bit Axe
13:44 Fletching
15:04 Heavy Plow
16:33 Wheelbarrow
21:25 Hand Cart
20:56 Loom
23:15 Stone Mining
23:15 Gold Mining
24:08 Bow Saw
24:59 Gold Mining
29:51 Imperial Age
27:57 Scale Mail Armor
27:21 Man-at-Arms
28:03 Squires
27:48 Gambesons
28:29 Long Swordsman
29:32 Chain Mail Armor
30:11 Forging
29:57 Bodkin Arrow
30:07 Two-Handed Swordsman
31:20 Conscription
32:04 Plate Mail Armor
32:12 Iron Casting
31:35 Champion
32:01 Arson
34:10 Wootz Steel
34:59 Blast Furnace
35:04 Bracer
38:23 Padded Archer Armor
38:47 Ballistics
39:28 Chemistry
Connection lost

Rejoining the realm…

Still unreachable

The connection could not be restored.

Session expired

The server has moved on; the page needs a fresh start.